 Dungeon Crawl Stone Soup version 0.18.1-50-g88ac8fd (webtiles) character file.

600632 Gargoyl the Corrupter of Planes (level 26, -15/276 HPs)
             Began as a Demonspawn Abyssal Knight on Sept 24, 2016.
             Was the Champion of Lugonu.
             Demolished by an acid blob (36 damage)
             ... on level 8 of a ziggurat on Sept 27, 2016.
             The game lasted 03:47:45 (60501 turns).

Gargoyl the Corrupter of Planes (DsAK)             Turns: 60501, Time: 03:47:45

Health: -15/276    AC: -5    Str: 26 (28) XL:     26   Next: 47%
Magic:  0/35       EV: 18    Int:  7 (10) God:    Lugonu [******]
Gold:   4462       SH:  0    Dex: 24      Spells: 0 memorised, 25 levels left

rFire  + . .     SeeInvis .     e - +9 broad axe (elec)
rCold  + + .     Gourm    .     q - +13 plate armour of Lies {Dex+4}
rNeg   + . .     Faith    .     V - +5 shield "Cazogruni" {+Blink rElec Str+5 Int-5}
rPois  +         Spirit   +     (helmet unavailable)
rElec  +         Dismiss  .     D - +2 cloak of Starlight {rElec rC+ EV+4 Stlth--}
rCorr  +         Reflect  .     T - +1 pair of gloves of Lethargy {Dex+2}
SustAt .         Harm     .     L - +2 pair of boots {run}
MR     +....                    s - amulet of regeneration
Stlth  ..........               o - ring of positive energy
                                i - +5 ring of strength

@: confused, resistant, corroded, drained, quick, somewhat resistant to hostile
enchantments, extremely unstealthy
A: horns 3, thin skeletal structure 3, camouflage 1, clumsy 1, dopey 1, low mp
1, powered by death 3, robust 3, screaming 1, weak 1, magic shield, magic
regeneration, magic link, MP-powered wands
a: Depart the Abyss, Bend Space, Banish, Corrupt, Enter the Abyss, Brand Weapon
With Distortion, Renounce Religion, Evoke Blink
}: 3/15 runes: serpentine, barnacled, silver


You were on level 8 of a ziggurat.
You worshipped Lugonu.
Lugonu was exalted by your worship.
You were not hungry.

You visited 9 branches of the dungeon, and saw 49 of its levels.
You visited the Abyss 7 times.
You visited 1 ziggurat, and saw 8 of its levels.
You also visited: Ice Cave.

You collected 7819 gold pieces.
You spent 3357 gold pieces at shops.

Inventory:

Hand Weapons
 e - a +9 broad axe of electrocution (weapon)
 j - a +9 war axe of venom
 p - the +9 spear of Oleid {flame, *Corrode +Fly rC+ Str+7}
   (You found it on level 3 of the Lair of Beasts)

   It has been specially enchanted to burn those struck by it, causing extra
   injury to most foes and up to half again as much damage against particularly
   susceptible opponents.
   It affects your strength (+7).
   It protects you from cold.
   It lets you fly.
   It may corrode you when you take damage.
 x - a +3 vampiric broad axe
Missiles
 y - 20 javelins (quivered)
Armour
 q - the +13 plate armour of Lies (worn) {Dex+4}
   (You found it on level 2 of the Vaults)

   It affects your dexterity (+4).
 D - the +2 cloak of Starlight (worn) {rElec rC+ EV+4 Stlth--}
   (You found it on level 5 of the Lair of Beasts)

   It affects your evasion (+4).
   It protects you from cold.
   It insulates you from electricity.
   It makes you much less stealthy.
 L - a +2 pair of boots of running (worn)
 T - the +1 pair of gloves of Lethargy (worn) {Dex+2}
   (You found it on level 3 of the Depths)

   It affects your dexterity (+2).
 V - the +5 shield "Cazogruni" (worn) {+Blink rElec Str+5 Int-5}
   (You found it on level 3 of the Lair of Beasts)

   It affects your strength (+5).
   It affects your intelligence (-5).
   It insulates you from electricity.
   It lets you blink.
Jewellery
 i - a +5 ring of strength (left hand)
 o - a ring of positive energy (right hand)
 r - a +4 ring of dexterity
 s - an amulet of regeneration (around neck)
 t - an uncursed ring of positive energy
 v - an uncursed ring of protection from cold
 w - the ring of Benevolence {Wiz rPois Dex+5}
   (You bought it in a shop on level 14 of the Dungeon)

   [ring of wizardry]

   It improves your spell success rate.
   It affects your dexterity (+5).
   It protects you from poison.
 E - a +4 ring of strength
 N - a +3 amulet of reflection
 Q - an uncursed ring of protection from fire
 W - an uncursed ring of see invisible
Wands
 J - a wand of disintegration (24/24)
 S - a wand of teleportation (4/9)
Scrolls
 a - 14 scrolls of identify
 b - 5 scrolls of blinking
 d - 7 scrolls of recharging
 m - a scroll of fear
 n - 37 scrolls of remove curse
 H - 2 scrolls of silence
 K - 15 scrolls of teleportation
 M - 11 scrolls of magic mapping
 X - 6 scrolls of fog
Potions
 c - 4 potions of berserk rage
 f - a potion of heal wounds
 g - 7 potions of agility
 h - 11 potions of haste
 k - 6 potions of invisibility
 B - 2 potions of flight
 C - 7 potions of might
 F - 2 potions of ambrosia
 G - 9 potions of curing
 O - a potion of magic
 U - 8 potions of brilliance
 Y - a potion of resistance
 Z - a potion of beneficial mutation
Books
 l - a book of Flames

   Spells                             Type                      Level
   a - Flame Tongue                   Conjuration/Fire             1
   b - Throw Flame                    Conjuration/Fire             2
   c - Conjure Flame                  Conjuration/Fire             3
   d - Inner Flame                    Hexes/Fire                   3
   e - Sticky Flame                   Conjuration/Fire             4
   f - Fireball                       Conjuration/Fire             5
Miscellaneous
 z - a sack of spiders
 R - a box of beasts
Comestibles
 u - 19 bread rations
 A - 31 meat rations
 I - 15 beef jerkies
 P - 3 royal jellies


   Skills:
 + Level 18.6(18.1) Fighting
 + Level 21.2(20.8) Axes
 + Level 4.8(14.6) Polearms
 + Level 2.1(1.7) Throwing
 * Level 20.2(19.6) Armour
 + Level 7.6(7.2) Dodging
 + Level 18.7(18.2) Shields
 * Level 24.7(24.1) Invocations


You had 25 spell levels left.
You didn't know any spells.

Dungeon Overview and Level Annotations

Branches:
Dungeon (15/15)            Temple (0/1) D:5            Lair (8/8) D:9
 Shoals (4/4) Lair:6        Snake (4/4) Lair:4        Slime (0/6) Lair:8
    Orc (2/2) D:12            Elf (3/3) Orc:2        Vaults (5/5) D:14
  Crypt (3/3) Vaults:2       Tomb (0/3) Crypt:3      Depths (5/5) D:15
    Zot (0/5) Depths:5

Altars:
Cheibriados
Dithmenos
Elyvilon
Gozag
Kikubaaqudgha
Makhleb
Nemelex Xobeh
Pakellas
Qazlal
Sif Muna
Vehumet
Xom
Zin
The Shining One
Beogh

Shops:
D:4 *   D:5 ?(:*   D:14 =   Orc:1 [   Orc:2 (?*?   Elf:1 :   Elf:3 ([!
Shoals:1 =   Shoals:2 :   Shoals:3 %   Vaults:1 *   Depths:1 }   Depths:5 !

Portals:
Hell: Depths:1 Depths:2 Depths:3 Depths:4 Depths:5
Abyss: Depths:1 Depths:4 Depths:5
Pandemonium: Depths:3
Trove: D:12 (give 23 scrolls of identify)

Annotations:
D:2 Edmund
Lair:3 exclusion: 2 oklob plants
Lair:8 exclusion: 2 oklob plants


Innate Abilities, Weirdness & Mutations

You have a pair of large horns on your head.
You have an unnaturally thin skeletal structure (Dex +6, Stealth++).
You regenerate a lot of health from kills.
You are extremely robust (+30% HP).
When hurt, damage is shared between your health and your magic reserves.
You regenerate magic rapidly.
When low on magic, you restore magic in place of health.
Your skin changes colour to match your surroundings (Stealth).
You are clumsy. (Dex -2)
You are dopey. (Int -2)
Your magical capacity is low (-10% MP).
You occasionally shout uncontrollably at your foes.
You are weak. (Str -2)
You expend magic power (3 MP) to strengthen your wands.


Message History

Drink which item? (? for menu, Esc to quit)
You feel protected. The acid blob hits you!!!
* * * LOW HITPOINT WARNING * * *
You are splashed with acid!
The acid burns!
You resist.
* * * LOW HITPOINT WARNING * * *
The slime creature hits you!
* * * LOW HITPOINT WARNING * * *
The great orb of eyes misses you.
Drink which item? (? for menu, Esc to quit)
You feel much better. The acid blob hits you!!
* * * LOW HITPOINT WARNING * * *
You are splashed with acid!
The acid burns!
You resist.
* * * LOW HITPOINT WARNING * * *
The slime creature closely misses you.
The shining eye moves out of view.
The great orb of eyes bites you.
* * * LOW HITPOINT WARNING * * *
Drink which item? (? for menu, Esc to quit)
You feel much better. The acid blob hits you!!!
You die...

▓▓▓▓▓▓▓ ▓▓
......▓▓ ▓▓.
......▓▓ ▓▓..
#....▓▓ ▓▓∩..
#....▓▓ ▓.>.J
#...∩.▓ ▓∩GJ##
##....▓▓
▓JJG######....▓▓
▓G@J........▓▓
▓▓.G.......▓▓
▓▓▓▓▓▓▓▓▓▓▓


You could see an acid blob, a great orb of eyes, a slime creature, 2 shining
eyes, an eye of draining and 3 jellies.

Vanquished Creatures
  Mara (Shoals:3)
  3 ancient liches (Crypt:3)
  Saint Roka (Vaults:2)
  Norris (Snake:3)
  Xtahua (Crypt:2)
  the Enchantress (Depths:5)
  6 golden dragons
  4 tentacled monstrosities
  Rupert (Orc:2)
  An Ice Fiend (Zig:5)
  Jorgrun (Vaults:3)
  3 liches
  A titan (shapeshifter) (Vaults:5)
  2 titans
  2 deep elf blademasters (Elf:2)
  A quicksilver dragon (Vaults:5)
  2 deep elf master archers
  4 shadow dragons
  2 ancient champions (Crypt:2)
  5 tentacled starspawn
  A tengu reaver (Vaults:5)
  4 sphinxes
  Kirke (Lair:6)
  6 storm dragons
  11 greater nagas
  Ilsuiw (Shoals:4)
  Roxanne (Shoals:4)
  A draconian monk (Depths:4)
  10 fire giants
  4 revenants
  5 deep elf sorcerers
  Donald (Vaults:2)
  4 frost giants
  Maud (D:12)
  An iron dragon (Depths:2)
  15 vault wardens
  A draconian zealot (Depths:5)
  2 curse skulls
  An orc warlord (Orc:2)
  A balrug (Abyss:2)
  A draconian knight (Depths:4)
  2 reapers
  Aizul (Shoals:4)
  4 deep elf elementalists
  2 draconian annihilators
  15 ironheart preservers
  7 spriggan defenders
  6 war gargoyles
  36 very ugly things
  4 ghouls (Crypt:2)
  A juggernaut skeleton (Depths:3)
  2 draconian callers (Depths:4)
  18 stone giants
  8 deep elf demonologists
  2 black draconians (Depths:5)
  2 grey draconians (Depths:5)
  5 vampire knights
  Azrael (Elf:1)
  2 red draconians (Depths:5)
  A dire elephant (shapeshifter) (Vaults:5)
  3 spark wasps
  2 salamander stormcallers (Vaults:5)
  2 green draconians (Depths:5)
  12 deep elf annihilators
  12 ettins
  2 merfolk javelineers (Shoals:4)
  The ghost of tatulmax the Warrior, a journeyman MiBe of Trog (Lair:2)
  A crystal guardian (Vaults:4)
  11 deep elf death magi
  A yellow draconian (Abyss:2)
  Snorg (Lair:7)
  4 eidola
  3 mummy priests (Zig:7)
  Josephine (Lair:7)
  8 fire dragons
  6 great orbs of eyes
  27 vault guards
  4 deep elf high priests
  2 green deaths
  11 merfolk impalers
  4 jiangshi (Depths:3)
  16 yaktaur captains
  6 hydras
  5 spriggan air magi
  13 ogre magi
  6 entropy weavers
  3 rakshasas
  2 quicksilver dragon skeletons
  19 naga warriors
  10 ice dragons
  2 alligator snapping turtles
  13 centaur warriors
  7 anacondas
  6 merfolk aquamancers
  3 death knights
  Erica (Orc:1)
  3 satyrs
  34 dancing weapons
  4 deep troll shamans
  3 merfolk avatars (Shoals:4)
  8 tengu warriors
  A death yak (IceCv)
  11 deep troll earth magi
  A hell hog (Depths:1)
  4 thrashing horrors
  Urug (D:10)
  A soul eater (Crypt:2)
  6 vampire magi
  6 spriggan berserkers
  26 deep elf knights
  5 orc high priests
  2 sun demons
  7 shock serpents
  5 hell knights (Depths:2)
  Sonja (D:15)
  10 naga sharpshooters
  A fire crab (Lair:7)
  A fire crab (shapeshifter) (Elf:1)
  23 skeletal warriors
  A death scarab (Zig:7)
  A spark wasp zombie (Crypt:2)
  9 salamander mystics
  2 shadow wraiths
  A death drake (Depths:4)
  31 deep trolls
  3 swamp dragons (Depths:5)
  3 spatial maelstroms (Abyss:2)
  9 sea snakes
  5 unseen horrors
  5 giant orange brains
  3 iron trolls
  6 naga ritualists
  7 hill giants
  An anubis guard (shapeshifter) (Depths:2)
  17 starcursed masses
  An obsidian statue (Vaults:2)
  11 flayed ghosts
  13 ironbrand convokers
  23 deep elf archers
  18 phantasmal warriors
  Pikel (D:5)
  A golden dragon skeleton (Depths:4)
  5 necromancers
  2 lindwurms (Depths:4)
  4 mana vipers
  12 harpies
  8 wizards
  2 anubis guards (Zig:7)
  A wolf spider zombie (D:14)
  9 griffons
  A mana viper (shapeshifter) (Vaults:5)
  63 ugly things
  9 wolf spiders
  2 oklob plants (Depths:4)
  A stone giant zombie (Vaults:5)
  21 orc knights
  3 tengu skeletons
  2 frost giant zombies
  17 fauns
  A sphinx skeleton (Depths:3)
  8 manticores
  An orb spider (Zig:4)
  69 deep elf magi
  A shining eye (Zig:8)
  5 cyclopes
  10 orc sorcerers
  2 hornets
  A toenail golem (Abyss:3)
  10 salamanders
  A worldbinder (Abyss:2)
  4 frost giant skeletons
  A salamander (shapeshifter) (Depths:1)
  3 centaur zombies
  3 stone giant skeletons (Crypt:3)
  15 sirens
  10 fire giant skeletons (Crypt:3)
  4 guardian serpents
  Maurice (D:9)
  13 elephants
  5 gargoyles
  A titan simulacrum (Vaults:5)
  A rust devil (Depths:3)
  An ice statue (IceCv)
  Joseph (D:9)
  35 naga magi
  14 vault sentinels
  2 water nymphs
  42 black mambas
  2 smoke demons (Abyss:2)
  A spiny frog (shapeshifter) (Depths:3)
  A hellion (Zig:2)
  A black draconian zombie (Crypt:2)
  3 dire elephant skeletons (Crypt:3)
  17 spiny frogs
  A kobold demonologist (D:14)
  6 rime drakes
  13 freezing wraiths
  2 tormentors
  An ice devil (Depths:3)
  A yaktaur (shapeshifter) (Vaults:5)
  An efreet (D:14)
  12 komodo dragons
  58 yaktaurs
  A demonic crawler (Zig:4)
  An iron troll zombie (Crypt:1)
  A golden dragon simulacrum (Depths:4)
  2 red devils
  6 tengu conjurers
  4 spriggan druids
  4 hellwings (Abyss:2)
  12 guardian mummies
  11 trolls
  A harpy zombie (Crypt:1)
  41 merfolk
  17 polar bears
  5 wind drakes
  An ancient zyme (Zig:6)
  33 two-headed ogres
  A queen bee (Lair:3)
  The ghost of tschems the Chopper, an amateur HuBe of Trog (D:4)
  8 giant leeches
  A sphinx simulacrum (Depths:3)
  A harpy skeleton (D:14)
  21 slime creatures
  A two-headed ogre (shapeshifter) (Vaults:5)
  4 raiju (Abyss:2)
  A blink frog (shapeshifter) (Elf:1)
  16 snapping turtles
  26 blink frogs
  18 redbacks
  16 large abominations
  8 boulder beetles
  5 flying skulls
  59 yaks
  19 water elementals
  8 air elementals
  3 ynoxinuls (Abyss:2)
  A tarantella (shapeshifter) (Depths:5)
  6 fire dragon skeletons (Crypt:3)
  14 wraiths
  2 shadows (Crypt:3)
  A vampire (D:13)
  A human (shapeshifter) (Vaults:3)
  6 wyverns
  A basilisk (shapeshifter) (Elf:1)
  A yak (shapeshifter) (Vaults:1)
  4 tarantellas
  8 basilisks
  Eustachio (D:5)
  7 fire elementals
  A spriggan (shapeshifter) (Vaults:4)
  21 spriggans
  Grum (D:9)
  3 hogs
  2 humans (D:14)
  10 vampire mosquitoes
  4 hungry ghosts
  6 chaos spawn
  13 hippogriffs
  A spatial vortex (Abyss:2)
  A monstrous demonspawn zombie (Crypt:1)
  51 nagas
  9 wargs
  11 small abominations
  2 mottled dragons
  16 water moccasins
  3 soldier ants
  2 soldier ants (shapeshifter)
  12 hell hounds
  7 porcupines
  A swamp drake (Depths:4)
  A giant eyeball (Zig:8)
  A faun skeleton (Crypt:2)
  76 orc warriors
  A porcupine (shapeshifter) (Depths:3)
  5 ice beasts
  An infernal demonspawn skeleton (Crypt:1)
  A black bear (shapeshifter) (Elf:1)
  4 slaves (D:5)
  A sky beast (D:8)
  A spiny frog skeleton (Crypt:3)
  3 phantoms
  12 wasps
  2 black bears
  2 necrophages (Crypt:2)
  74 ogres
  14 boggarts
  A torpor snail zombie (Crypt:2)
  25 wolves
  A snapping turtle skeleton (Crypt:3)
  25 centaurs
  A centaur (shapeshifter) (Depths:1)
  A manticore skeleton (Crypt:3)
  19 crocodiles
  5 big kobolds
  A gnoll sergeant (D:9)
  3 wyvern zombies
  35 giant frogs
  4 earth elementals
  2 human simulacra (Vaults:2)
  A water moccasin zombie (D:5)
  A wyvern skeleton (D:10)
  A human skeleton (Vaults:2)
  A warg zombie (Crypt:1)
  2 scorpions
  24 wights
  A yak zombie (Crypt:1)
  24 killer bees
  A polar bear skeleton (Crypt:2)
  4 howler monkeys
  A hippogriff skeleton (Crypt:2)
  5 electric eels
  8 crimson imps
  3 human zombies (Crypt:1)
  A wolf skeleton (Crypt:2)
  The ghost of Drunkenshrew the Sneak, a weakling SpSk of Sif Muna (D:3)
  3 giant frog zombies
  5 hounds
  3 quasits
  10 jellies
  41 orc priests
  2 giant frog skeletons
  5 centaur skeletons
  33 orc wizards
  9 iguanas
  9 worker ants
  27 sheep
  2 deep dwarf skeletons (Crypt:2)
  A hound skeleton (D:5)
  15 mummies
  A howler monkey zombie (D:7)
  7 gnolls
  A howler monkey skeleton (D:6)
  13 adders
  33 river rats
  8 shadow imps
  16 white imps
  2 ufetubi
  An adder skeleton (Crypt:1)
  An adder zombie (D:5)
  3 dart slugs
  3 worms
  7 giant geckos
  170 orcs
  A bat zombie (Crypt:2)
  2 giant cockroaches (D:2)
  9 goblins
  3 hobgoblins
  3 jackals (D:3)
  25 kobolds
  7 quokkas
  2 ball pythons
  10 bats
  2 giant gecko skeletons
  A giant gecko zombie (D:5)
  4 giant newts
  2 quokka zombies (D:5)
  9 rats
  4 crawling corpses
  3 fungi
  8 plants
  4 starspawn tentacles
  A starspawn tentacle segment (Abyss:2)
2867 creatures vanquished.

Vanquished Creatures (collateral kills)
  A crocodile (Lair:5)
1 creature vanquished.

Vanquished Creatures (others)
  A lich (Vaults:5)
  A deep elf sorcerer (Elf:3)
  2 deep elf elementalists (Elf:3)
  An ettin (Vaults:5)
  2 ogre magi
  2 hydras
  A hell hog (Depths:1)
  3 deep elf knights
  2 deep elf magi
  An ugly thing (Vaults:2)
  A snapping turtle (Shoals:3)
  A shadow (Crypt:3)
  An ogre (Vaults:2)
  A centaur (Vaults:4)
  2 orcs
  22 fungi
  5 lost souls
  A lurking horror (Abyss:2)
  29 plants
  15 starspawn tentacles
  115 starspawn tentacle segments
209 creatures vanquished.

Grand Total: 3077 creatures vanquished

Notes
Turn   | Place    | Note
--------------------------------------------------------------
     0 | Abyss:1  | Gargoyl the Demonspawn Abyssal Knight began the quest for the Orb.
     0 | Abyss:1  | Reached XP level 1. HP: 18/18 MP: 2/2
    73 | Abyss:1  | Found a sparkling altar of Nemelex Xobeh.
    94 | Abyss:1  | Noticed a large abomination
   104 | Abyss:1  | Noticed an iron imp
   107 | Abyss:1  | Found an ancient bone altar of Kikubaaqudgha.
   108 | Abyss:1  | Noticed an insubstantial wisp
   111 | Abyss:1  | Noticed a tormentor
   115 | Abyss:1  | Noticed a raiju
   117 | D:1      | Escaped the Abyss
   514 | D:1      | Reached * piety under Lugonu
   514 | D:1      | Gained mutation: You have a somewhat thin skeletal structure (Dex +2, Stealth). [demonic ancestry]
   514 | D:1      | Reached XP level 2. HP: 17/24 MP: 3/3
   557 | D:1      | Reached skill level 1 in Dodging
  1128 | D:2      | Reached XP level 3. HP: 21/29 MP: 5/5
  1143 | D:2      | Reached skill level 3 in Invocations
  1929 | D:2      | Found a glowing golden altar of the Shining One.
  2157 | D:3      | Noticed Drunkenshrew's ghost (weakling SpSk)
  2297 | D:2      | Reached XP level 4. HP: 7/35 MP: 6/6
  2622 | D:3      | Killed Drunkenshrew's ghost
  2827 | D:3      | Found a deep blue altar of Sif Muna.
  2925 | D:3      | Gained mutation: You have a moderately thin skeletal structure (Dex +4, Stealth+). [demonic ancestry]
  2925 | D:3      | Reached XP level 5. HP: 41/41 MP: 7/7
  3263 | D:4      | Found Ujum's Assorted Antiques.
  3263 | D:4      | Found a snail-covered altar of Cheibriados.
  3263 | D:4      | Noticed Edmund
  3263 | D:4      | Noticed tschems's ghost (amateur HuBe)
  4483 | D:4      | Killed tschems's ghost
  4483 | D:4      | Reached skill level 4 in Invocations
  4483 | D:4      | Gained mutation: You regenerate a little health from kills. [demonic ancestry]
  4483 | D:4      | Reached XP level 6. HP: 48/48 MP: 7/9
  4491 | D:4      | Reached skill level 5 in Armour
  4553 | D:4      | Bought a glowing war axe for 63 gold pieces
  4557 | D:4      | Bought a scroll labeled WEZXOO XUNKIUR for 18 gold pieces
  4557 | D:4      | Bought a scroll labeled CEPETAANUV for 18 gold pieces
  4850 | D:4      | Found a glowing silver altar of Zin.
  4851 | D:4      | Found an opulent altar of Gozag.
  4903 | D:4      | Reached ** piety under Lugonu
  4924 | D:4      | Found an oddly glowing altar of Pakellas.
  4925 | D:4      | Found a white marble altar of Elyvilon.
  4925 | D:4      | Found a shadowy altar of Dithmenos.
  4925 | D:4      | Found a sparkling altar of Nemelex Xobeh.
  4927 | D:4      | Found an ancient bone altar of Kikubaaqudgha.
  5074 | D:5      | Entered Level 5 of the Dungeon
  5090 | D:5      | Found Lutoyve's General Store.
  5100 | D:5      | Found Siugep's Antique Weapon Emporium.
  5124 | D:5      | Noticed a slave
  5124 | D:5      | Noticed a slave
  5125 | D:5      | Noticed Pikel
  5125 | D:5      | Noticed a slave
  5126 | D:5      | Noticed a slave
  5135 | D:5      | Killed a slave
  5137 | D:5      | Killed a slave
  5139 | D:5      | Killed a slave
  5144 | D:5      | Killed a slave
  5159 | D:5      | Killed Pikel
  5159 | D:5      | Reached skill level 1 in Throwing
  5159 | D:5      | Gained mutation: You have a pair of small horns on your head. [demonic ancestry]
  5159 | D:5      | Reached XP level 7. HP: 37/54 MP: 10/10
  5179 | D:5      | Found Ciluv's Book Boutique.
  5410 | D:5      | Reached skill level 5 in Invocations
  5410 | D:5      | Gained mutation: You have an unnaturally thin skeletal structure (Dex +6, Stealth++). [demonic ancestry]
  5410 | D:5      | Reached XP level 8. HP: 26/60 MP: 11/11
  5419 | D:5      | Found Oguydaez's Magic Scroll Boutique.
  5528 | D:5      | Noticed Eustachio
  5539 | D:5      | Killed Eustachio
  5550 | D:5      | Found a staircase to the Ecumenical Temple.
  5580 | D:5      | HP: 1/61 [orc warrior/tomahawk of returning (10)]
  6174 | D:5      | Reached skill level 5 in Fighting
  6185 | D:5      | Reached *** piety under Lugonu
  6455 | D:6      | Found a burning altar of Makhleb.
  6455 | D:6      | Found a shimmering altar of Xom.
  6462 | D:6      | Reached skill level 6 in Invocations
  6462 | D:6      | Reached XP level 9. HP: 67/68 MP: 13/13
  6844 | D:6      | Reached skill level 5 in Axes
  7487 | D:7      | Got a shimmering longbow
  7488 | D:7      | Identified the +4 longbow of Compulsion {velocity, rPois rF+ Str-3} (You found it on level 7 of the Dungeon)
  7610 | D:7      | Reached skill level 7 in Invocations
  7747 | D:7      | You fall through a shaft!
  8194 | D:8      | Reached **** piety under Lugonu
  8422 | D:8      | Gained mutation: Your spells are a little easier to cast, but a little less powerful. [mutagenic meat]
  8438 | D:8      | Gained mutation: You have supernaturally acute eyesight. [mutagenic meat]
  8439 | D:8      | Gained mutation: Your movements are slightly less encumbered by armour (ER -2). [mutagenic meat]
  8440 | D:8      | Lost mutation: Your spells are a little easier to cast, but a little less powerful. [mutagenic meat]
  8505 | D:8      | Gained mutation: You regenerate health from kills. [demonic ancestry]
  8505 | D:8      | Reached XP level 10. HP: 43/76 MP: 15/15
  8941 | D:9      | Noticed Joseph
  8976 | D:9      | Killed Joseph
  8976 | D:9      | Reached skill level 8 in Invocations
  9093 | D:9      | Found a staircase to the Lair.
  9151 | D:9      | Noticed Maurice
  9173 | D:9      | Killed Maurice
  9405 | D:9      | Reached skill level 10 in Armour
  9439 | D:9      | Noticed Grum
  9468 | D:9      | Reached ***** piety under Lugonu
  9477 | D:9      | Killed Grum
  9477 | D:9      | Reached XP level 11. HP: 79/84 MP: 17/17
  9783 | D:10     | Entered Level 10 of the Dungeon
  9844 | D:10     | Reached skill level 9 in Invocations
  9951 | D:10     | Noticed Urug
  9964 | D:10     | Killed Urug
 10460 | D:10     | Noticed an unseen horror
 10468 | D:10     | Killed an unseen horror
 10799 | D:10     | Noticed a hill giant
 10809 | D:10     | Killed a hill giant
 11086 | D:11     | Lost mutation: Your movements are slightly less encumbered by armour (ER -2). [potion of cure mutation]
 11086 | D:11     | Lost mutation: You have supernaturally acute eyesight. [potion of cure mutation]
 11087 | D:11     | Gained mutation: Your spells are a little harder to cast, but a little more powerful. [potion of mutation]
 11087 | D:11     | Gained mutation: Your magical capacity is low (-10% MP). [potion of mutation]
 11566 | D:11     | Reached ****** piety under Lugonu
 11634 | Lair:1   | Entered Level 1 of the Lair of Beasts
 11866 | Lair:1   | Reached skill level 10 in Invocations
 11867 | Lair:1   | Gained mutation: When hurt, damage is shared between your health and your magic reserves. [demonic ancestry]
 11867 | Lair:1   | Reached XP level 12. HP: 32/92 MP: 17/17
 12097 | Lair:1   | Noticed an eight-headed hydra
 12098 | Lair:1   | Banished an eight-headed hydra
 12891 | Lair:2   | Noticed tatulmax's ghost (journeyman MiBe)
 12904 | Lair:2   | HP: 1/94 [tatulmax's ghost (21)]
 12915 | Lair:2   | HP: 1/141 [tatulmax's ghost (14)]
 12918 | Lair:2   | Killed tatulmax's ghost
 12936 | Lair:2   | HP: 4/94 [spiny frog (10)]
 13651 | Lair:3   | Got a dazzling spear
 13652 | Lair:3   | Identified the +9 spear of Oleid {flame, *Corrode +Fly rC+ Str+7} (You found it on level 3 of the Lair of Beasts)
 13672 | Lair:3   | Got an ichor-stained shield
 13683 | Lair:3   | Identified the +5 shield "Cazogruni" {+Blink rElec Str+5 Int-5} (You found it on level 3 of the Lair of Beasts)
 14200 | Lair:3   | Reached skill level 1 in Shields
 14440 | Lair:4   | Found a staircase to the Snake Pit.
 14704 | Lair:4   | Reached skill level 11 in Invocations
 14739 | Lair:4   | Reached skill level 1 in Polearms
 14892 | Lair:4   | Noticed a four-headed hydra
 14910 | Lair:3   | Gained mutation: You have a pair of horns on your head. [demonic ancestry]
 14910 | Lair:3   | Reached XP level 13. HP: 98/101 MP: 19/19
 15486 | Lair:5   | Reached skill level 5 in Shields
 15710 | Lair:5   | Found a shadowy altar of Dithmenos.
 16489 | Lair:6   | Reached skill level 12 in Invocations
 16512 | Lair:6   | Found a staircase to the Shoals.
 16975 | Lair:7   | Noticed Snorg
 16985 | Lair:7   | Killed Snorg
 17256 | Lair:7   | Noticed Josephine
 17271 | Lair:7   | Killed Josephine
 17550 | Lair:7   | Noticed Kirke
 17937 | Lair:7   | Noticed a sphinx
 18073 | Lair:6   | Killed Kirke
 18073 | Lair:6   | Reached XP level 14. HP: 101/109 MP: 19/21
 18369 | Lair:8   | Entered Level 8 of the Lair of Beasts
 18419 | Lair:8   | Found a staircase to the Slime Pits.
 18649 | Lair:8   | Reached skill level 13 in Invocations
 19942 | D:12     | Found a frozen archway.
 19969 | IceCv    | Entered an ice cave
 19994 | IceCv    | Reached skill level 10 in Fighting
 20151 | IceCv    | Reached skill level 5 in Dodging
 20361 | IceCv    | Reached skill level 10 in Axes
 20422 | IceCv    | Noticed a frost giant
 20445 | IceCv    | Killed a frost giant
 20460 | IceCv    | Got a shimmering silver ring
 20712 | IceCv    | Identified the ring "Paannimo" {Ice rN+ Int+5} (You found it in an ice cave)
 20786 | D:12     | Found a portal to a secret trove of treasure.
 21209 | D:12     | Found a staircase to the Orcish Mines.
 21215 | D:12     | Found a roughly hewn altar of Beogh.
 21240 | Orc:1    | Entered Level 1 of the Orcish Mines
 21243 | Orc:1    | Noticed Erica
 21253 | Orc:1    | Paralysed by an orc sorcerer for 7 turns
 21269 | Orc:1    | Killed Erica
 21321 | Orc:1    | Noticed Maud
 21350 | D:12     | Killed Maud
 21368 | Orc:1    | Gained mutation: You regenerate a lot of health from kills. [demonic ancestry]
 21368 | Orc:1    | Reached XP level 15. HP: 115/115 MP: 22/22
 21370 | Orc:1    | Reached skill level 14 in Invocations
 21472 | Orc:1    | Found Yshriff's Antique Armour Shoppe.
 21665 | Orc:2    | Entered Level 2 of the Orcish Mines
 21977 | Orc:2    | Found a roughly hewn altar of Beogh.
 22105 | Orc:2    | Found Texi's Magic Scroll Emporium.
 22143 | Orc:2    | Bought a scroll of brand weapon for 340 gold pieces
 22149 | Orc:2    | Found Betrut's General Store.
 22166 | Orc:2    | Bought a scroll of enchant armour for 105 gold pieces
 22490 | Orc:2    | Found a staircase to the Elven Halls.
 22610 | Orc:2    | Noticed Rupert
 22629 | Orc:2    | Killed Rupert
 22716 | Orc:2    | Found Rox Qife's Magic Scroll Shop.
 22764 | Orc:2    | Noticed an orc warlord
 22785 | Orc:2    | Gained mutation: You are clumsy. (Dex -2) [a neqoxec]
 22801 | Orc:2    | Killed an orc warlord
 22953 | Orc:2    | Found a roughly hewn altar of Beogh.
 22974 | Orc:2    | Found Sugg's Weapon Boutique.
 23847 | Orc:2    | Bought a scroll of teleportation for 39 gold pieces
 23847 | Orc:2    | Bought a scroll of blinking for 97 gold pieces
 23847 | Orc:2    | Bought a scroll of blinking for 97 gold pieces
 23903 | Orc:2    | Bought a scroll of teleportation for 51 gold pieces
 23903 | Orc:2    | Bought a scroll of teleportation for 51 gold pieces
 24200 | D:5      | Bought a scroll of enchant armour for 82 gold pieces
 24200 | D:5      | Bought a scroll of acquirement for 572 gold pieces
 24200 | D:5      | Bought 3 scrolls of teleportation for 99 gold pieces
 24200 | D:5      | Bought a scroll of teleportation for 33 gold pieces
 25113 | D:13     | Reached skill level 15 in Invocations
 25324 | D:13     | Reached skill level 10 in Shields
 25697 | D:14     | Gained mutation: You regenerate magic rapidly. [demonic ancestry]
 25697 | D:14     | Reached XP level 16. HP: 125/125 MP: 24/24
 25769 | D:14     | Found a stormy altar of Qazlal.
 25898 | D:14     | Found Pycesu's Jewellery Emporium.
 26283 | D:14     | Found a gate to the Vaults.
 26372 | D:15     | Entered Level 15 of the Dungeon
 26761 | D:15     | Noticed Sonja
 26781 | D:15     | Killed Sonja
 27039 | D:15     | Found a staircase to the Depths.
 27043 | D:15     | Reached skill level 15 in Armour
 27421 | Snake:1  | Entered Level 1 of the Snake Pit
 27951 | Elf:1    | Entered Level 1 of the Elven Halls
 27974 | Elf:1    | Gained mutation: You are weak. (Str -2) [a neqoxec]
 28018 | Elf:1    | Found Mismumoc's One-of-a-Kind Books.
 28042 | Elf:1    | Reached skill level 16 in Invocations
 28529 | Elf:1    | Noticed Azrael
 28548 | Elf:1    | Killed Azrael
 28892 | Elf:1    | Reached XP level 17. HP: 82/133 MP: 17/26
 29462 | Elf:2    | Gained mutation: You are very weak. (Str -4) [a neqoxec]
 29578 | Elf:2    | Found a runed gate.
 29578 | Elf:2    | Found a runed gate.
 29578 | Elf:2    | Found a runed gate.
 30820 | Elf:2    | Cast into level 2 of the Abyss (scimitar of distortion)
 30832 | Elf:2    | Escaped the Abyss
 31113 | Elf:2    | Reached skill level 17 in Invocations
 31344 | Elf:3    | Entered Level 3 of the Elven Halls
 31344 | Elf:3    | Found Udemp's Weapon Shop.
 31375 | Elf:3    | Noticed a deep elf blademaster
 31419 | Elf:2    | Killed a deep elf blademaster
 31539 | Elf:3    | Noticed a Tzitzimitl
 31543 | Elf:3    | Noticed an Ice Fiend
 31564 | Elf:2    | Noticed a Tzitzimitl
 31566 | Elf:2    | Cast into level 2 of the Abyss (a deep elf demonologist)
 31732 | Elf:2    | Escaped the Abyss
 31762 | Elf:3    | Lost mutation: You are very weak. (Str -4) [a neqoxec]
 31888 | Elf:3    | Found Pufijil's Distillery.
 31900 | Elf:3    | Gained mutation: You are very clumsy. (Dex -4) [a neqoxec]
 31944 | Elf:3    | Found a radiant altar of Vehumet.
 31944 | Elf:3    | Cast into level 2 of the Abyss (a deep elf sorcerer)
 32018 | Abyss:3  | Noticed a lich
 32019 | Elf:3    | Escaped the Abyss
 32033 | Elf:3    | Noticed a deep elf master archer
 32246 | Elf:3    | Noticed a Hell Sentinel
 32253 | Elf:3    | Cast into level 2 of the Abyss (a deep elf demonologist)
 32253 | Abyss:2  | Found a corrupted altar of Lugonu.
 32438 | Abyss:2  | Gained mutation: You have a pair of large horns on your head. [demonic ancestry]
 32438 | Abyss:2  | Reached XP level 18. HP: 129/141 MP: 15/27
 32637 | Elf:3    | Escaped the Abyss
 32644 | Elf:3    | Noticed a Brimstone Fiend
 32995 | Elf:3    | Reached skill level 18 in Invocations
 33033 | Elf:3    | Noticed a Hell Sentinel
 33155 | Elf:3    | Noticed a Brimstone Fiend
 33173 | Elf:3    | Noticed a Hell Sentinel
 33177 | Elf:3    | Cast into level 2 of the Abyss (a deep elf demonologist)
 33481 | Elf:3    | Escaped the Abyss
 33568 | Elf:3    | Noticed a Brimstone Fiend
 33753 | Elf:3    | Cast into level 2 of the Abyss (a deep elf sorcerer)
 33883 | Elf:3    | Escaped the Abyss
 34084 | D:14     | Bought the ring of Benevolence {Wiz rPois Dex+5} for 982 gold pieces
 34360 | Elf:3    | Noticed a Brimstone Fiend
 34478 | Elf:3    | Identified Poji's Almanac of Augmentations and Venom
 34483 | Elf:3    | Identified Rifuz's Volume of Ensnaring Arcane Weapons
 34491 | Elf:3    | Got a dazzling glaive
 34492 | Elf:3    | Identified the +0 glaive of Egomania {chop, *Corrode rC+ Stlth+} (You found it on level 3 of the Elven Halls)
 34645 | Elf:3    | Found Pirivet's Armour Shoppe.
 35954 | Snake:1  | Gained mutation: You are robust (+10% HP). [demonic ancestry]
 35954 | Snake:1  | Reached XP level 19. HP: 136/165 MP: 29/29
 37526 | Snake:3  | Noticed Norris
 37552 | Snake:3  | Killed Norris
 37613 | Snake:3  | Reached skill level 19 in Invocations
 38232 | Snake:4  | Entered Level 4 of the Snake Pit
 39088 | Snake:4  | Reached skill level 15 in Axes
 39273 | Snake:4  | Reached XP level 20. HP: 165/174 MP: 24/30
 39386 | Snake:4  | Got a serpentine rune of Zot
 39954 | Vaults:1 | Entered Level 1 of the Vaults
 40420 | Vaults:1 | Found Faprarudd's Assorted Antiques.
 41086 | Vaults:2 | Noticed Saint Roka
 41115 | Vaults:2 | Killed Saint Roka
 41215 | Vaults:2 | Reached skill level 20 in Invocations
 41349 | Vaults:2 | Got a twisted plate armour
 41350 | Vaults:2 | Identified the +13 plate armour of Lies {Dex+4} (You found it on level 2 of the Vaults)
 41432 | Vaults:2 | Noticed Donald
 41448 | Vaults:2 | Killed Donald
 42218 | Vaults:2 | Reached XP level 21. HP: 183/183 MP: 29/31
 42297 | Vaults:2 | Found a staircase to the Crypt.
 42512 | Vaults:3 | Noticed Jorgrun
 42532 | Vaults:3 | Killed Jorgrun
 42630 | Vaults:3 | Reached skill level 15 in Fighting
 43046 | Vaults:3 | Reached skill level 15 in Shields
 44839 | Vaults:4 | Reached skill level 21 in Invocations
 45102 | Vaults:5 | Entered Level 5 of the Vaults
 45122 | Vaults:4 | Reached XP level 22. HP: 185/193 MP: 27/32
 45523 | Vaults:5 | Noticed a shard shrike
 45527 | Vaults:5 | Noticed a juggernaut
 45527 | Vaults:5 | a shard shrike changed into a juggernaut
 45529 | Vaults:5 | Noticed a shard shrike
 45529 | Vaults:5 | a juggernaut changed into a shard shrike
 45533 | Vaults:5 | a shard shrike changed into an iron giant
 45535 | Vaults:5 | Noticed a juggernaut
 45535 | Vaults:5 | an iron giant changed into a juggernaut
 45538 | Vaults:5 | a juggernaut changed into a titan
 45543 | Vaults:5 | Noticed a juggernaut
 45543 | Vaults:5 | a titan changed into a juggernaut
 45546 | Vaults:5 | a juggernaut changed into a titan
 45760 | Vaults:5 | Noticed a golden dragon
 45787 | Vaults:5 | Gained mutation: You are very robust (+20% HP). [demonic ancestry]
 45787 | Vaults:5 | Reached XP level 23. HP: 172/220 MP: 14/34
 46068 | Vaults:5 | Got a twisted cloak
 46070 | Vaults:5 | Identified the +1 cloak of Jabliwn {Int+4} (You found it on level 5 of the Vaults)
 46266 | Vaults:5 | Got a silver rune of Zot
 46570 | Vaults:5 | Reached skill level 22 in Invocations
 47120 | Shoals:1 | Entered Level 1 of the Shoals
 47456 | Shoals:1 | Found Dibubu's Jewellery Emporium.
 47466 | Shoals:1 | Bought a +3 amulet of reflection for 425 gold pieces
 47729 | Shoals:2 | Found Piere's Book Boutique.
 48276 | Shoals:3 | Found Biduw's Food Shop.
 48927 | Shoals:3 | Noticed Mara
 48942 | Shoals:3 | Noticed Gargoyl's illusion
 48968 | Shoals:3 | Killed Mara
 49127 | Shoals:4 | Entered Level 4 of the Shoals
 49222 | Shoals:4 | Noticed Ilsuiw
 49327 | Shoals:4 | Killed Ilsuiw
 49339 | Shoals:4 | Noticed Aizul
 49364 | Shoals:4 | Killed Aizul
 49537 | Shoals:4 | Got a barnacled rune of Zot
 49588 | Shoals:4 | Noticed Roxanne
 49629 | Shoals:4 | Killed Roxanne
 50426 | Crypt:1  | Entered Level 1 of the Crypt
 50813 | Crypt:1  | Reached XP level 24. HP: 229/231 MP: 29/34
 51838 | Crypt:2  | Noticed Xtahua
 51901 | Crypt:2  | Killed Xtahua
 52360 | Crypt:3  | Entered Level 3 of the Crypt
 52921 | Crypt:3  | Identified the Volume of Necromancy (You found it on level 3 of the Crypt)
 52958 | Crypt:3  | Found a staircase to the Tomb.
 53013 | Crypt:3  | Noticed an ancient lich
 53023 | Crypt:3  | Killed an ancient lich
 53202 | Crypt:3  | Reached skill level 23 in Invocations
 53502 | Crypt:3  | Found an ancient bone altar of Kikubaaqudgha.
 53504 | Crypt:3  | Noticed an ancient lich
 53550 | Crypt:3  | Killed an ancient lich
 53552 | Crypt:3  | Noticed an ancient lich
 53575 | Crypt:3  | Killed an ancient lich
 53589 | Crypt:3  | Gained mutation: Your skin changes colour to match your surroundings (Stealth). [potion of beneficial mutation]
 54147 | Depths:1 | Entered Level 1 of the Depths
 54214 | Depths:1 | Found a one-way gate to the infinite horrors of the Abyss.
 54380 | Depths:1 | Paralysed by a great orb of eyes for 6 turns
 54604 | Depths:1 | Found Ziuprog's Gadget Shop.
 54716 | Depths:1 | Found a gateway to Hell.
 55248 | Depths:2 | Gained mutation: When low on magic, you restore magic in place of health. [demonic ancestry]
 55248 | Depths:2 | Reached XP level 25. HP: 210/242 MP: 23/34
 55298 | Depths:2 | Identified the Papyrus of Spatial Cold
 55818 | Depths:3 | Found a gateway to a ziggurat.
 56005 | Depths:3 | Paralysed by a wizard for 7 turns
 56204 | Depths:3 | Found a one-way gate leading to the halls of Pandemonium.
 56389 | Depths:3 | Got a bound silver amulet
 56537 | Depths:3 | Got a pair of spiked gloves
 56554 | Depths:3 | Identified the +1 pair of gloves of Lethargy {Dex+2} (You found it on level 3 of the Depths)
 56842 | Depths:4 | Reached skill level 24 in Invocations
 57040 | Depths:4 | Paralysed by a great orb of eyes for 5 turns
 57334 | Depths:4 | Identified the amulet of Xom's Fury {+Rage rN+ Str-4 Int+2 Dex+3} (You found it on level 3 of the Depths)
 57913 | Depths:4 | Identified a +0 pair of boots of running (You found it on level 4 of the Depths)
 58024 | Depths:5 | Entered Level 5 of the Depths
 58094 | Depths:5 | Noticed the Enchantress
 58140 | Depths:5 | Killed the Enchantress
 58359 | Depths:5 | Gained mutation: You are extremely robust (+30% HP). [demonic ancestry]
 58359 | Depths:5 | Reached XP level 26. HP: 246/275 MP: 35/35
 58649 | Depths:5 | Found Vuyqaom's Distillery.
 58657 | Depths:5 | Bought a potion of heal wounds for 95 gold pieces
 58657 | Depths:5 | Bought a potion of resistance for 190 gold pieces
 59186 | Depths:5 | Found a gate to the Realm of Zot.
 59808 | Zig:1    | Entered Level 1 of a ziggurat
 59836 | Zig:2    | Entered Level 2 of a ziggurat
 59867 | Zig:3    | Entered Level 3 of a ziggurat
 59911 | Zig:4    | Entered Level 4 of a ziggurat
 59982 | Zig:5    | Entered Level 5 of a ziggurat
 60051 | Zig:5    | Got a heavily runed plate armour
 60053 | Zig:5    | Identified the +8 plate armour of Gomod {rC+ Str+3} (You found it on level 5 of a ziggurat)
 60102 | Zig:6    | Entered Level 6 of a ziggurat
 60119 | Zig:6    | Paralysed by accursed screaming for 1 turns
 60151 | Zig:6    | Lost mutation: Your spells are a little harder to cast, but a little more powerful. [potion of cure mutation]
 60151 | Zig:6    | Lost mutation: You are very clumsy. (Dex -4) [potion of cure mutation]
 60179 | Zig:7    | Entered Level 7 of a ziggurat
 60466 | Zig:8    | Entered Level 8 of a ziggurat
 60484 | Zig:8    | Paralysed by a giant eyeball for 4 turns
 60494 | Zig:8    | Gained mutation: You expend magic power (3 MP) to strengthen your wands. [a shining eye]
 60496 | Zig:8    | Gained mutation: You occasionally shout uncontrollably at your foes. [a shining eye]
 60497 | Zig:8    | Gained mutation: You are dopey. (Int -2) [a shining eye]
 60499 | Zig:8    | HP: 8/276 [slime creature (12)]
 60501 | Zig:8    | Demolished by an acid blob

Skill      XL: |  1  2  3  4  5  6  7  8  9 10 11 12 13 14 15 16 17 18 19 20 21 22 23 24 25 26 |
---------------+-------------------------------------------------------------------------------+-----
Armour         | 2 3 4 6 7 8 10 11 12 13 14 15 16 17 18 19 20 | 20.2
Axes           | 2 3 4 6 7 8 9 10 11 12 13 14 15 16 18 19 20 21 | 21.2
Dodging        | 1 2 3 4 5 6 7 |  7.6
Invocations    | 3 4 5 6 7 8 10 11 12 13 15 16 17 18 19 20 21 22 23 24 | 24.7
Fighting       | 4 5 6 7 8 9 10 11 12 13 14 15 16 17 18 | 18.6
Throwing       | 1 2 |  2.1
Shields        | 3 7 8 10 11 12 13 14 15 16 17 18 | 18.7
Polearms       | 1 3 4 |  4.8

Action                   |  1- 3 |  4- 6 |  7- 9 | 10-12 | 13-15 | 16-18 | 19-21 | 22-24 | 25-27 || total
-------------------------+-------+-------+-------+-------+-------+-------+-------+-------+-------++-------
Melee: Hand axe          |   175 |   130 |       |       |       |       |       |       |       ||   305
       War axe           |       |    32 |   271 |   569 |   954 |  1603 |  1689 |  1214 |       ||  6332
       Headbutt          |       |       |    64 |   232 |   602 |   476 |   658 |   826 |   361 ||  3219
       Spear             |       |       |       |   230 |   856 |    81 |       |       |       ||  1167
       Unarmed           |       |       |       |       |    36 |       |       |       |       ||    36
       Broad axe         |       |       |       |       |       |       |       |   859 |   938 ||  1797
Throw: Tomahawk          |       |    10 |    13 |       |       |       |       |       |       ||    23
       Javelin           |       |       |       |       |     4 |     2 |       |     9 |       ||    15
Invok: Depart the Abyss  |     1 |       |       |       |       |     6 |       |       |       ||     7
       Bend Space        |       |       |       |     1 |       |       |       |     2 |     2 ||     5
       Banish            |       |       |       |     1 |       |    11 |       |       |     1 ||    13
Evoke: Wand              |       |     1 |       |       |       |       |       |       |       ||     1
  Use: Scroll            |     2 |    10 |     5 |    14 |    20 |    25 |    12 |    14 |    20 ||   122
       Potion            |       |    10 |     8 |     9 |     6 |     3 |     1 |     2 |    17 ||    56
 Stab: Sleeping          |     1 |       |       |       |       |       |       |       |       ||     1
       Distracted        |       |       |       |       |     1 |     1 |       |       |       ||     2
  Eat: Chunk             |     5 |     3 |    14 |    19 |    23 |     9 |       |       |       ||    73
       Bread ration      |       |     1 |     1 |       |       |     1 |     5 |     5 |     1 ||    14
       Beef jerky        |       |       |       |     2 |     7 |     4 |       |       |       ||    13
       Royal jelly       |       |       |       |       |     3 |     7 |     2 |     1 |       ||    13
       Pizza             |       |       |       |       |       |     6 |       |       |     4 ||    10
       Fruit             |       |       |       |       |       |       |    14 |    19 |     4 ||    37
Armor: Ring mail         |    59 |       |       |       |       |       |       |       |       ||    59
       Scale mail        |    42 |    48 |       |       |       |       |       |       |       ||    90
       Chain mail        |       |    39 |       |       |       |       |       |       |       ||    39
       Skin              |       |     9 |       |       |       |       |       |       |       ||     9
       Plate armour      |       |    17 |   289 |   663 |   763 |   678 |   597 |   898 |   492 ||  4397
Dodge: Dodged            |   137 |    78 |   155 |   395 |   903 |   578 |   650 |   919 |   490 ||  4305
Block: Shield            |       |       |       |   186 |  1991 |  1373 |  1753 |  2090 |  1009 ||  8402
       Buckler           |       |       |       |    20 |       |       |       |       |       ||    20
